 Dungeon Crawl Stone Soup version 0.19.5 (webtiles) character file.

95 yutahk the Grave Robber (level 4, -2/33 HPs)
             Began as a Ghoul Necromancer on Mar 7, 2017.
             Slain by a worm (10 damage)
             ... on level 2 of the Dungeon.
             The game lasted 00:28:28 (2162 turns).

yutahk the Grave Robber (Ghoul Necromancer)         Turns: 2162, Time: 00:28:29

Health: -2/33      AC:  9    Str: 11    XL:     4   Next: 65%
Magic:  7/7        EV: 12    Int: 11    God:
Gold:   174        SH:  0    Dex:  9    Spells: 3 memorised, 3 levels left

rFire  . . .     SeeInvis .     h - +2 short sword (protect)
rCold  + . .     Gourm    .     a - +0 robe
rNeg   + + +     Faith    .     (no shield)
rPois  ∞         Spirit   .     (no helmet)
rElec  .         Reflect  .     (no cloak)
rCorr  .         Harm     .     (no gloves)
MR     .....                    (no boots)
Stlth  ++........               (no amulet)
                                (no ring)
                                (no ring)

@: protection aura, rotting
A: rotting body, claws 1, carnivore 3, cold resistance 1, negative energy
resistance 3, slow regeneration 1, torment resistance, unbreathing
a: no special abilities


You were on level 2 of the Dungeon.
You were not hungry.

You visited 1 branch of the dungeon, and saw 2 of its levels.

You collected 174 gold pieces.

Inventory:

Hand Weapons
 h - a +2 short sword of protection (weapon)
 i - a -1 short sword
Armour
 a - a +0 robe (worn)
 f - a +0 robe
Scrolls
 d - a scroll of identify {unknown}
 j - a scroll of enchant armour {unknown}
 k - a scroll of teleportation {unknown}
Potions
 e - a potion of cancellation {unknown}
 g - a potion of curing
 l - 2 potions of flight {unknown}
Books
 b - a book of Necromancy

   Spells                             Type                      Level
   a - Pain                           Necromancy                   1
   b - Animate Skeleton               Necromancy                   1
   c - Vampiric Draining              Necromancy                   3
   d - Regeneration                   Charms/Necromancy            3
   e - Animate Dead                   Necromancy                   4
   f - Control Undead                 Necromancy                   4
Comestibles
 c - 4 chunks of flesh


   Skills:
 + Level 2.3 Dodging
 - Level 2.1 Stealth
 * Level 2.8 Spellcasting
 * Level 4.8 Necromancy


You had 3 spell levels left.
You knew the following spells:

 Your Spells              Type           Power        Failure   Level  Hunger
a - Pain                  Necr           ##..         3%          1    #......
b - Animate Skeleton      Necr           N/A          3%          1    #......
c - Vampiric Draining     Necr           ##........   12%         3    ###....


Dungeon Overview and Level Annotations

Branches:
Dungeon (2/15)

Altars:
Nemelex Xobeh
Trog


Innate Abilities, Weirdness & Mutations

Your body is rotting away.
You thrive on raw meat.
You are immune to poison.
You have sharp fingernails.
You are carnivorous and can eat meat at any time.
Your flesh is cold resistant. (rC+)
You are immune to negative energy. (rN+++)
You regenerate slowly when monsters are visible.
You are immune to unholy pain and torment.
You can survive without breathing.


Message History

You hit the worm.
The worm is lightly wounded.
You hit the worm.
The worm is heavily wounded.
The worm bites you.
* * * LOW HITPOINT WARNING * * *
You hit the worm.
The worm is heavily wounded.
The worm misses you.
You barely miss the worm.
The worm is heavily wounded.
You barely miss the worm.
The worm is heavily wounded.
The worm barely misses you.
You hit the worm.
The worm is heavily wounded.
You barely miss the worm.
The worm is heavily wounded.
The worm bites you!
You die...

......# #......# #.# #####..#
#.####.# #.#### .......# #.##.#.#
#...). #####...# #......# ######
###..#####.....## #............#
#..####.....## ...##.##.# ##....#
?)..#..#.# ##@#.# #$.#..#.# #w#.#
[##?......# #†#.########
.)%.s.....# #.#..#.....#
.........# #.##.#.###.####
#####.....# #.##.#.#......#
.........# #.##.#.#.#.##.#
....###..#######.##.#.....##.####
#####.)...ls†r...................


You could see a worm.

Vanquished Creatures
  5 adders (D:2)
  A dart slug (D:1)
  5 leopard geckos
  5 bats (D:2)
  3 giant cockroaches
  4 goblins
  3 hobgoblins
  6 kobolds
  3 frilled lizards
  5 rats
  A plant (D:1)
41 creatures vanquished.

Vanquished Creatures (collateral kills)
  2 bats (D:1)
  A hobgoblin (D:1)
3 creatures vanquished.

Grand Total: 44 creatures vanquished

Notes
Turn   | Place    | Note
-------+----------+-------------------------------------------
     0 | D:1      | yutahk the Ghoul Necromancer began the quest for the Orb.
     0 | D:1      | Reached XP level 1. HP: 14/14 MP: 2/2
     2 | D:1      | Learned a level 1 spell: Animate Skeleton
   404 | D:1      | Reached XP level 2. HP: 14/18 MP: 3/3
  1436 | D:2      | Reached XP level 3. HP: 20/20 MP: 2/5
  1603 | D:2      | Learned a level 3 spell: Vampiric Draining
  1831 | D:2      | Found a sparkling altar of Nemelex Xobeh.
  1831 | D:2      | Found a bloodstained altar of Trog.
  1968 | D:2      | Reached XP level 4. HP: 28/33 MP: 6/6
  2162 | D:2      | Slain by a worm

Skill      XL: |  1  2 |
---------------+-------+-----
Dodging        | 2 |  2.3
Spellcasting   | 2 |  2.8
Stealth        | |  2.1
Necromancy     | |  4.8

Action                   |  1- 3 |  4- 6 || total
-------------------------+-------+-------++-------
Melee: Unarmed           |    32 |       ||    32
       Short sword       |   183 |    60 ||   243
 Cast: Pain              |    33 |    10 ||    43
       Animate Skeleton  |     3 |       ||     3
  Use: Scroll            |     5 |       ||     5
       Potion            |       |     1 ||     1
 Stab: Distracted        |     1 |       ||     1
  Eat: Chunk             |     9 |     3 ||    12
       Meat ration       |     2 |       ||     2
       Pizza             |     1 |       ||     1
       Beef jerky        |     1 |       ||     1
Armor: Robe              |    32 |    39 ||    71
Dodge: Dodged            |    65 |    67 ||   132
